 Dungeon Crawl Stone Soup version 0.30-a0-459-g9104f0fc43 (webtiles) character file.

Game seed: 12367506973291007547

395 p00ps00p the Trooper (level 6, -3/56 HPs)
             Began as a Hill Orc Fighter on Dec 16, 2022.
             Slain by a steam dragon (7 damage)
             ... on level 5 of the Dungeon.
             The game lasted 00:03:26 (3038 turns).

p00ps00p the Trooper (Hill Orc Fighter)             Turns: 3038, Time: 00:03:28

Health: -3/56      AC: 10    Str: 21    XL:     6   Next: 82%
Magic:  6/6        EV:  9    Int:  8    God:
Gold:   173        SH:  5    Dex: 10    Spells: 5/5 levels left

rFire   . . .      SeeInvis .    d - +3 hand axe
rCold   . . .      Faith    .    c - +0 buckler
rNeg    . . .      Spirit   .    b - +0 scale mail
rPois   .          Reflect  .    (no helmet)
rElec   .          Harm     .    (no cloak)
rCorr   .          Rampage  .    (no gloves)
Will    .....                    l - +2 pair of boots {Fly}
Stlth   ..........               (no amulet)
HPRegen 0.29/turn                (no ring)
MPRegen 0.10/turn                (no ring)

@: about to teleport, flying
A: no striking features
a: no special abilities


You were on level 5 of the Dungeon.
You visited 1 branch of the dungeon, and saw 5 of its levels.

You collected 173 gold pieces.

Inventory:

Hand Weapons
 a - a +1 war axe
 d - a +3 hand axe (weapon)
Armour
 b - a +0 scale mail (worn)
 c - a +0 buckler (worn)
 l - a +2 pair of boots of flying (worn)
Wands
 p - a wand of iceblast (5)
Scrolls
 h - 4 scrolls of teleportation
Potions
 e - 2 potions of degeneration {unknown}
 f - a potion of magic {unknown}
 g - a potion of flight {unknown}
 i - a potion of haste {unknown}
 j - 3 potions of heal wounds {unknown}
 k - a potion of cancellation {unknown}
 m - a potion of mutation {unknown}
 n - 4 potions of curing {unknown}
 q - a potion of ambrosia {unknown}
 r - a potion of attraction {unknown}


   Skills:
 + Level 5.4 Fighting
 + Level 5.1 Axes
 + Level 4.9 Armour
 + Level 4.9 Shields


You had 5 spell levels left.
You didn't know any spells.
Your spell library contained the following spells:

 Spells                   Type           Power      Damage    Failure   Level
 Beastly Appendage        Tmut           0%         N/A       82%         1
 Wereblood                Tmut           0%         N/A       91%         2
 Spider Form              Tmut/Pois      0%         N/A       99%         3


Dungeon Overview and Level Annotations

Branches:
Dungeon (5/15)
 Temple: D:4-7

Altars:
Ru
The Shining One

Shops:
D:2 :   D:4 !


Message History

A steam dragon is nearby!
A steam dragon is nearby!
The steam dragon breathes steam at you. The ball of steam hits you!!
You barely miss the steam dragon.
You are engulfed in a cloud of scalding steam.
The steam dragon bites you but does no damage.
The steam dragon barely misses you. You block the steam dragon's attack.
The steam dragon claws you but does no damage.
You are too injured to fight recklessly!
You are too injured to fight recklessly!
You are too injured to fight recklessly!
You are too injured to fight recklessly!
You barely miss the steam dragon. The steam dragon barely misses you.
The steam dragon claws you but does no damage.
You hit the steam dragon but do no damage.
The steam dragon breathes steam at you. The ball of steam hits you!
* * * LOW HITPOINT WARNING * * *
You hear an angry hiss.
You hit the steam dragon.
The steam dragon is lightly wounded.
You are engulfed in a cloud of scalding steam.
* * * LOW HITPOINT WARNING * * *
The steam dragon bites you but does no damage.
The steam dragon claws you but does no damage.
You hit the steam dragon but do no damage.
The steam dragon is lightly wounded.
You are engulfed in a cloud of scalding steam.
* * * LOW HITPOINT WARNING * * *
You block the steam dragon's attack.
The steam dragon claws you but does no damage.
You hit the steam dragon.
The steam dragon is lightly wounded.
The steam dragon barely misses you. You block the steam dragon's attack.
As you read the scroll of teleportation, it crumbles to dust.
You feel strangely unstable.
An iguana comes into view.
The steam dragon bites you!
You die...

.# ..# ..#
#+###.. #.#..l#
#.####.#.#.#
#......#.#.####
###...ยง...#
#.).##@##.#
#......#.##D#
..######.##..
#.##### #.# #.#
.# ####'#####..
#...........
#...........


You could see a steam dragon and an iguana (wandering).

Vanquished Creatures
  Pargi (D:4)
  A centaur (D:5)
  2 hounds (D:3)
  A gnoll (D:3)
  7 adders
  An ufetubus (D:5)
  2 worms (D:3)
  A dart slug (D:1)
  2 orcs (D:4)
  A ball python (D:1)
  2 bats
  7 endoplasms
  7 giant cockroaches
  8 hobgoblins
  2 jackals (D:1)
  6 quokkas
  5 frilled lizards
  10 goblins
  5 kobolds
  8 rats
79 creatures vanquished.

Notes
Turn   | Place    | Note
-------+----------+-------------------------------------------
     0 | D:1      | p00ps00p the Hill Orc Fighter began the quest for the Orb.
     0 | D:1      | Reached XP level 1. HP: 19/19 MP: 1/1
    93 | D:1      | Reached XP level 2. HP: 14/27 MP: 2/2
   373 | D:1      | Reached XP level 3. HP: 33/33 MP: 3/3
   952 | D:2      | Found Lomeg's Book Shoppe.
  1090 | D:2      | Reached XP level 4. HP: 40/40 MP: 4/4
  1871 | D:3      | Found a glowing golden altar of the Shining One.
  2046 | D:3      | Reached XP level 5. HP: 46/47 MP: 5/5
  2441 | D:4      | Found Coeddeoq's Distillery.
  2471 | D:4      | Found a sacrificial altar of Ru.
  2801 | D:4      | Reached skill level 5 in Fighting
  2812 | D:4      | Noticed Pargi
  2832 | D:4      | Killed Pargi
  2833 | D:4      | Reached XP level 6. HP: 39/56 MP: 6/6
  2990 | D:5      | Entered Level 5 of the Dungeon
  3012 | D:5      | Reached skill level 5 in Axes
  3030 | D:5      | Noticed a steam dragon
  3038 | D:5      | Slain by a steam dragon

Illustrated notes

Levels and vault maps discovered:
D:1:      dpeg_arrival_morbid_curiosity, layout_basic, minivault_19
D:2:      layout_loops_ring, serial_shops,
          nicolae_shop_competitors_out_of_business
D:3:      layout_loops_cross, lemuel_doored_altar, cheibrodos_gnoll_hut
D:4:      layout_basic, mainiacjoe_overflow_six_doors_small,
          minmay_misc_feat_alley, nicolae_stop_n_shop_1, uniq_pargi
D:5:      layout_basic

Skill      XL: |  1  2  3  4  5  6 |
---------------+-------------------+-----
Axes           | 3 4 5 |  5.1
Fighting       | 4 5 |  5.4
Shields        | 4 |  4.9
Armour         | 4 |  4.9

Action                   |  1- 3 |  4- 6 || total
-------------------------+-------+-------++-------
Melee: War axe           |    86 |    89 ||   175
       Hand axe          |       |    49 ||    49
  Use: Scroll            |     5 |     4 ||     9
       Potion            |       |     1 ||     1
Armor: Scale mail        |    35 |   107 ||   142
Dodge: Dodged            |    38 |    82 ||   120
Block: Buckler           |    29 |    36 ||    65

Table legend: (Time is in decaauts)
 A = Elapsed time spent in this place.
 B = Non-inter-level travel time spent in this place.
 C = Inter-level travel time spent in this place.
 D = Time resting spent in this place.
 E = Time spent auto-exploring this place.
 F = Levels seen in this place.
 G = Mean time per level.
                   A        B        C        D        E       F      G
               +--------+--------+--------+--------+--------+-----+--------+
         Total |   3105 |   3022 |     83 |     34 |   2369 |   5 |  621.0 |
       Dungeon |   3105 |   3022 |     83 |     34 |   2369 |   5 |  621.0 |
               +--------+--------+--------+--------+--------+-----+--------+

Top non-repeatable levels by time:
     D:1: 948 daAuts
     D:3: 849 daAuts
     D:2: 704 daAuts
     D:4: 554 daAuts
     D:5: 49 daAuts
